 Dungeon Crawl Stone Soup version 0.32-a0-574-g9f707a9 (webtiles) character file.

Game seed: 11232474888173374464

15780 Dorkslayer the Grappler (level 11, -16/89 HPs)
             Began as a Demigod Fighter on Mar 1, 2024.
             Demolished by Snorg (19 damage)
             ... on level 1 of the Orcish Mines.
             The game lasted 00:37:01 (11384 turns).

Dorkslayer the Grappler (Demigod Fighter)          Turns: 11384, Time: 00:37:02

Health: -16/89     AC: 12    Str: 29    XL:     11   Next: 73%
Magic:  14/14      EV: 20    Int: 10    God:
Gold:   551        SH: 10    Dex: 13    Spells: 10/10 levels left

rFire   . .          .
                       - Unarmed
rCold   . . .        b - +0 buckler
rNeg    . . .        g - +0 chain mail {rPois}
rPois   +            (no helmet)
rElec   .            f - +0 cloak
rCorr   .            B - +0 pair of gloves
SInv    .            (no boots)
Will    +....        w - amulet of reflection Stlth
                     q - +5 ring of evasion
HPRegen 0.34/turn    m - +5 ring of evasion
MPRegen 0.14/turn

%: reflection
@: no status effects
A: high MP 1, forlorn, divine attributes
a: no special abilities


You were on level 1 of the Orcish Mines.
You visited 2 branches of the dungeon, and saw 13 of its levels.

You collected 766 gold pieces.
You spent 215 gold pieces at shops.

Inventory:

Hand Weapons
 e - a +1 flail of protection
 r - a +2 glaive of flaming
Missiles
 u - 6 boomerangs (quivered)
 F - 4 datura-tipped darts
Armour
 b - a +0 buckler (worn)
 f - a +0 cloak (worn)
 g - a +0 chain mail of poison resistance (worn)
 j - a +1 plate armour
 B - a +0 pair of gloves (worn)
Jewellery
 k - a ring of positive energy
 l - a ring of willpower
 m - a +5 ring of evasion (right hand)
 q - a +5 ring of evasion (left hand)
 w - an amulet of reflection (around neck)
 A - an amulet of the acrobat
Talismans
 v - a maw talisman
Wands
 s - a wand of flame (24)
 G - a wand of charming (8)
Scrolls
 a - 6 scrolls of immolation
 h - a scroll of amnesia
 n - 2 scrolls of teleportation
 x - a scroll of silence
 y - 2 scrolls of fog
Potions
 c - a potion of resistance
 i - 2 potions of enlightenment
 o - a potion of mutation
 p - 2 potions of attraction
 E - a potion of brilliance


   Skills:
 * Level 5.7 Fighting
 + Level 1.3 Throwing
 + Level 6.3 Armour
 * Level 4.2 Dodging
 + Level 1.4 Stealth
 + Level 5.1 Shields
 * Level 12.4 Unarmed Combat
 * Level 5.9 Evocations
 * Level 5.6 Shapeshifting


You had 10 spell levels left.
You didn't know any spells.
Your spell library contained the following spells:

 Spells                   Type           Power      Damage    Failure   Level
 Slow                     Hex            0%         N/A       86%         1
 Confusing Touch          Hex            0%         N/A       99%         3
 Dazzling Flash           Conj/Hex       0%         N/A       99%         3
 Hailstorm                Conj/Ice       0%         3d5       99%         3
 Sigil of Binding         Hex            0%         N/A       99%         3
 Summon Ice Beast         Ice/Summ       0%         N/A       99%         3
 Vampiric Draining        Necr           0%         2d6       99%         3
 Volatile Blastmotes      Fire/Tloc      0%         2d10      99%         3
 Sculpt Simulacrum        Ice/Alch       0%         N/A       100%        6
 Starburst                Conj/Fire      0%         6d3       100%        6
 Maxwell's Capacitive Co  Air            0%         ∞         100%        8


Dungeon Overview and Level Annotations

Branches:
Dungeon (12/15)            Temple (0/1) D:7            Lair (0/5) D:10
    Orc (1/2) D:11

Shops:
D:4 *   D:5 *   D:7 **([(((

Annotations:
D:11 3 runed translucent doors
Orc:1 Snorg


Innate Abilities, Weirdness & Mutations

You have an increased reservoir of magic. (+10% MP)
You shall have no god before yourself.
Your divine heritage dramatically boosts your attributes as you level up.


Message History

Snorg rages.
Unknown command.
Aiming: Fastroot
Press: ? - help, Shift-Dir - straight line, f - you The roots erupt in riotous growth!
Unknown command.
Aiming: Fastroot
Press: ? - help, Shift-Dir - straight line, f - Snorg
Aim: Snorg (moderately wounded, berserk)
The roots erupt in riotous growth!
Roots grab Snorg.
The grasping roots constrict Snorg!
Snorg struggles to escape constriction.
Snorg escapes!
Aiming: Fastroot
Press: ? - help, Shift-Dir - straight line, f/p - Snorg
Aim: Snorg (moderately wounded, berserk)
The roots erupt in riotous growth!
Roots grab Snorg.
The now-empty wand crumbles to dust.
The grasping roots constrict Snorg!
Snorg struggles to escape constriction.
The grasping roots constrict Snorg!
Snorg struggles to escape constriction.
Snorg escapes!
Snorg is nearby!
Okay, then.
Aiming: Throw Flame
Press: ? - help, Shift-Dir - straight line, f/p - Snorg
Aim: Snorg (heavily wounded, berserk, 74% to hit)
The puff of flame hits Snorg.
Snorg is heavily wounded.
Unknown command.
You hit Snorg but do no damage.
Snorg is heavily wounded.
You block Snorg's attack. Snorg misses you. Snorg claws you!
* * * LOW HITPOINT WARNING * * *
You pummel Snorg!!
Snorg is severely wounded.
Snorg bites you!
* * * LOW HITPOINT WARNING * * *
You block Snorg's attack. x2; Snorg bites you!!
You die...

#..###........<....### #
#...###...........##
#.#..##.###.#.......#
##.......####........##
#..........####........##
###...................).#
.....##............#.......
..... #.#.T......####......
#..... ###.@....### #......
#..... #........# .......
... #............ #.......
........###..........#..
.......## #.#........#..
##...#.. ###....# ..#..###
..... #.###


You could see Snorg (berserk).

Vanquished Creatures
  An ettin (Orc:1)
  2 two-headed ogres
  3 boulder beetles (D:11)
  Amaemon (D:9)
  Pikel (D:5)
  2 cyclopes
  Maurice (D:12)
  Joseph (D:9)
  Maggie (D:6)
  An orange demon (D:9)
  An unseen horror (D:11)
  A komodo dragon (D:10)
  3 trolls
  A hornet (D:10)
  Grinder (D:6)
  10 yaks
  A shadow (D:11)
  A wraith (D:10)
  Eustachio (D:5)
  4 wyverns (D:10)
  A vampire (D:9)
  A steam dragon (D:10)
  A warg (Orc:1)
  2 water moccasins
  4 orc warriors
  3 sky beasts
  2 black bears
  3 ogres
  5 centaurs
  A phantom (D:6)
  4 lemures (D:5)
  3 bullfrogs
  A gnoll sergeant (D:4)
  3 kobold brigands
  5 scorpions
  4 wights (D:9)
  5 killer bees (D:8)
  2 electric eels (D:10)
  2 howler monkeys
  A crimson imp (D:10)
  A bombardier beetle (D:4)
  A jelly (D:4)
  Crazy Yiuf (D:5)
  3 gnoll boudas
  3 orc priests (D:7)
  3 hounds
  5 iguanas
  Natasha (thrice) (D:3)
  7 orc wizards
  24 gnolls
  7 adders
  A shadow imp (D:6)
  2 white imps
  2 ufetubi (D:5)
  2 ribbon worms (D:3)
  A dart slug (D:1)
  24 orcs
  6 ball pythons
  7 endoplasms
  3 giant cockroaches
  9 hobgoblins
  5 quokkas
  5 bats
  2 frilled lizards (D:3)
  6 goblins
  14 kobolds
  5 rats
243 creatures vanquished.

Vanquished Creatures (collateral kills)
  A two-headed ogre (D:12)
1 creature vanquished.

Vanquished Creatures (others)
  Prince Ribbit (D:9)
  A hornet (D:9)
  A steam dragon (D:9)
3 creatures vanquished.

Grand Total: 247 creatures vanquished

Notes
Turn   | Place    | Note
-------+----------+-------------------------------------------
     0 | D:1      | Dorkslayer the Demigod Fighter began the quest for the Orb.
     0 | D:1      | Reached XP level 1. HP: 18/18 MP: 3/3
   231 | D:1      | Reached XP level 2. HP: 23/25 MP: 4/4
   294 | D:1      | Reached skill level 2 in Unarmed Combat
   723 | D:2      | Reached XP level 3. HP: 16/31 MP: 5/5
  1168 | D:2      | Reached skill level 3 in Unarmed Combat
  1227 | D:2      | Reached XP level 4. HP: 38/38 MP: 6/6
  1494 | D:3      | Reached skill level 1 in Shapeshifting
  1499 | D:3      | Noticed Natasha
  1518 | D:3      | Killed Natasha
  1619 | D:3      | Reached skill level 4 in Unarmed Combat
  1619 | D:3      | Reached XP level 5. HP: 40/45 MP: 7/7
  2020 | D:3      | Noticed Natasha
  2029 | D:3      | Killed Natasha
  2266 | D:3      | Noticed Natasha
  2274 | D:3      | Killed Natasha
  2476 | D:4      | Noticed an ogre
  2479 | D:4      | Reached XP level 6. HP: 46/51 MP: 8/8
  2493 | D:4      | Reached skill level 5 in Unarmed Combat
  2845 | D:4      | Found Pedwotio's Fire Supplies.
  2875 | D:4      | Bought a scroll of immolation for 52 gold pieces
  2875 | D:4      | Bought a wand of flame (18) for 163 gold pieces
  3622 | D:5      | Entered Level 5 of the Dungeon
  3647 | D:4      | Reached XP level 7. HP: 57/57 MP: 9/9
  3900 | D:4      | Reached skill level 6 in Unarmed Combat
  3900 | D:4      | Reached skill level 1 in Evocations
  3976 | D:5      | Found Suutuol's General Store.
  4044 | D:5      | Found a runed translucent door.
  4045 | D:5      | Noticed Crazy Yiuf
  4136 | D:5      | Noticed Pikel
  4154 | D:5      | Killed Pikel
  4155 | D:5      | Reached skill level 7 in Unarmed Combat
  4155 | D:5      | Reached XP level 8. HP: 66/66 MP: 10/10
  4221 | D:5      | Noticed Eustachio
  4265 | D:5      | Killed Eustachio
  4463 | D:5      | Killed Crazy Yiuf
  4700 | D:6      | Noticed Grinder
  4706 | D:6      | Killed Grinder
  4707 | D:6      | Reached skill level 1 in Dodging
  4761 | D:6      | Noticed Maggie
  4768 | D:6      | Killed Maggie
  4769 | D:6      | Reached skill level 8 in Unarmed Combat
  4917 | D:6      | Reached skill level 1 in Throwing
  4948 | D:6      | Reached XP level 9. HP: 68/71 MP: 11/11
  5542 | D:7      | Found Guutzeng's Weapon Emporium.
  5718 | D:7      | Found Higudoem's Antique Weapon Boutique.
  5844 | D:7      | Found Dary's Weapon Shoppe.
  6068 | D:7      | Found a staircase to the Ecumenical Temple.
  6089 | D:7      | Found Obeirain's Armour Shoppe.
  6109 | D:7      | Found Orrap's Antique Weapon Shop.
  6241 | D:7      | Reached skill level 9 in Unarmed Combat
  6686 | D:7      | Found Hemin's Specific Store.
  6687 | D:7      | Found Fidani's General Store.
  6975 | D:8      | Noticed a two-headed ogre
  6980 | D:8      | Killed a two-headed ogre
  7076 | D:8      | Reached skill level 10 in Unarmed Combat
  7648 | D:9      | Reached skill level 5 in Armour
  7698 | D:9      | Reached XP level 10. HP: 79/79 MP: 13/13
  7716 | D:9      | Noticed Prince Ribbit
  7722 | D:9      | Noticed Joseph
  7736 | D:9      | Killed Prince Ribbit
  7744 | D:9      | Killed Joseph
  7773 | D:9      | Identified the +0 sling of Massacring {antimagic, +Blink
                  | rN++}
  7909 | D:9      | Reached skill level 1 in Stealth
  8123 | D:9      | Noticed Amaemon
  8138 | D:9      | Killed Amaemon
  8147 | D:9      | Noticed a two-headed ogre
  8162 | D:9      | Killed a two-headed ogre
  8219 | D:9      | Noticed a cyclops
  8233 | D:9      | Killed a cyclops
  8234 | D:9      | Reached skill level 5 in Evocations
  8455 | D:10     | Entered Level 10 of the Dungeon
  8483 | D:10     | Reached skill level 5 in Fighting
  8483 | D:10     | Reached skill level 11 in Unarmed Combat
  8844 | D:10     | Reached XP level 11. HP: 50/86 MP: 14/14
  9234 | D:10     | You fall into a shaft and drop 2 floors!
  9287 | D:12     | HP: 4/88 [white ugly thing (19)]
  9306 | D:12     | Noticed Maurice
  9307 | D:12     | Noticed a two-headed ogre
  9322 | D:12     | Something stole a talisman of death
  9324 | D:12     | Something stole a +6 ring of strength
  9325 | D:12     | Something stole 6 boomerangs
  9326 | D:12     | Killed Maurice
  9330 | D:12     | Killed a two-headed ogre
  9412 | D:11     | Found a runed translucent gate.
 10178 | D:10     | Reached skill level 5 in Shapeshifting
 10214 | D:10     | Found a staircase to the Lair.
 10588 | D:11     | Noticed a boulder beetle
 10598 | D:11     | Found a staircase to the Orcish Mines.
 10617 | D:11     | Killed a boulder beetle
 10618 | D:11     | Reached skill level 5 in Shields
 10618 | D:11     | Reached skill level 12 in Unarmed Combat
 10645 | D:11     | Identified the -1 pair of gloves "Izxued" {Fly Int+3}
 10840 | D:11     | Noticed a boulder beetle
 10864 | D:11     | Killed a boulder beetle
 10995 | D:11     | Noticed a boulder beetle
 11020 | D:11     | Killed a boulder beetle
 11140 | D:11     | Found a runed translucent gate.
 11140 | D:11     | Found a runed translucent gate.
 11140 | D:11     | Noticed a fire dragon
 11144 | D:11     | a fire dragon changed into a dream sheep
 11151 | D:11     | a dream sheep changed into a sea snake
 11151 | D:11     | Noticed a sea snake (glowing shapeshifter)
 11263 | D:11     | Noticed a skyshark
 11283 | Orc:1    | Entered Level 1 of the Orcish Mines
 11332 | Orc:1    | Noticed an ettin
 11343 | Orc:1    | Killed an ettin
 11360 | Orc:1    | Noticed Snorg
 11384 | Orc:1    | HP: 3/89 [Snorg (14)]
 11384 | Orc:1    | Demolished by Snorg

Illustrated notes

Levels and vault maps discovered:
D:1:      mainiacjoe_arrival_oval_in_oval, layout_basic, serial_corexii_hall,
          corexii_hall_statues_deadend, corexii_hall_statues_l,
          minmay_stone_trees_small, minmay_tromino_v2
D:2:      layout_rooms, hellmonk_ecumenical_altar_blasted,
          kennysheep_flooded_box, kennysheep_generic_room_14
D:3:      layout_loops_corners, dreamdust_princess_corridor, glass_columns_c,
          kennysheep_generic_room_15, uniq_natasha
D:4:      layout_layer_cave, chequers_decorated_corner, nicolae_shop_fire_sale
          [nicolae_sub_dead_trees], serial_library_hellmonk_room_a
D:5:      layout_rooms, serial_shops, shop, uniq_crazy_yiuf_cottage, uniq_pikel,
          uniq_eustachio
D:6:      layout_basic, corexii_shack, kennysheep_doodads, uniq_maggie,
          uniq_grinder
D:7:      layout_basic, minmay_temple_entry_slanted, serial_shops, shop, shop,
          nicolae_shop_just_a_little_nook, shop, nicolae_shop_behind_doors,
          corexii_corridor_pit, nicolae_specific_store, minmay_door_square
D:8:      layout_basic
D:9:      layout_irregular_city, uniq_joseph, uniq_amaemon, uniq_prince_ribbit1
D:10:     layout_grid_maze, grunt_temple_overflow_champion_of_chaos,
          erik_lair_dragon, fountainhead, minivault_27, minmay_variable_closet,
          serial_library_hellmonk_room_a
D:11:     layout_roguey, david_orc_3,
          ploomutoo_gammafunk_ghost_potion_laboratory, trog_butcher_becter
D:12:     layout_roguey, nicolae_gozag_seed_capital, uniq_maurice
Orc:1:    nicolae_orc_accident_3, layout_diamond_mine, basic_altar, uniq_snorg

Skill      XL: |  1  2  3  4  5  6  7  8  9 10 11 |
---------------+----------------------------------+-----
Fighting       | 3 4 5 |  5.7
Unarmed Combat | 2 3 4 5 7 8 10 11 12 | 12.4
Armour         | 3 4 5 6 |  6.3
Shapeshifting  | 1 2 3 4 5 |  5.6
Shields        | 3 4 5 |  5.1
Evocations     | 2 3 4 5 |  5.9
Dodging        | 1 3 4 |  4.2
Throwing       | 1 |  1.3
Stealth        | 1 |  1.4

Action                     |  1- 3 |  4- 6 |  7- 9 | 10-12 || total
---------------------------+-------+-------+-------+-------++-------
  Melee: Unarmed           |   200 |   232 |   399 |   359 ||  1190
  Throw: Throwing net      |       |     2 |       |       ||     2
         Boomerang         |       |       |     8 |     5 ||    13
         Dart              |       |       |     2 |     1 ||     3
  Evoke: Wand              |       |     1 |    29 |    35 ||    65
    Use: Scroll            |       |    14 |     6 |     8 ||    28
         Potion            |       |     3 |     2 |    10 ||    15
   Stab: Held in net/web   |       |     1 |       |       ||     1
         Invisible         |       |       |       |     3 ||     3
 Armour: Plate armour      |   150 |   170 |    20 |       ||   340
         Scale mail        |     6 |       |       |       ||     6
         Chain mail        |       |       |   149 |   193 ||   342
  Dodge: Dodged            |    60 |   102 |   179 |   182 ||   523
  Block: Buckler           |    40 |    43 |   132 |   154 ||   369
         Reflection        |       |       |     1 |     5 ||     6

Table legend: (Time is in decaauts)
 A = Elapsed time spent in this place.
 B = Non-inter-level travel time spent in this place.
 C = Inter-level travel time spent in this place.
 D = Time resting spent in this place.
 E = Time spent auto-exploring this place.
 F = Levels seen in this place.
 G = Mean time per level.
                   A        B        C        D        E       F      G
               +--------+--------+--------+--------+--------+-----+--------+
         Total |  11244 |  11244 |      0 |    224 |   5069 |  13 |  864.9 |
       Dungeon |  11149 |  11149 |      0 |    224 |   5065 |  12 |  929.1 |
  Orcish Mines |     95 |     95 |      0 |      0 |      4 |   1 |   95.0 |
               +--------+--------+--------+--------+--------+-----+--------+

Top non-repeatable levels by time:
    D:10: 1699 daAuts
     D:4: 1542 daAuts
     D:7: 1177 daAuts
     D:6: 957 daAuts
     D:3: 942 daAuts
     D:9: 909 daAuts
     D:8: 886 daAuts
    D:11: 848 daAuts
     D:5: 696 daAuts
     D:1: 678 daAuts
     D:2: 670 daAuts
    D:12: 139 daAuts
   Orc:1: 95 daAuts
